Map: 10000 Feet LE

Players

Elazer

  • Race: Zerg Zerg
  • League: Master
  • Spawn Location: 5:00

LiquidClem (Clem) - Winner!

  • Race: Terran Terran
  • League: Grandmaster
  • Spawn Location: 11:00

VOD

Have the link to the VOD?

Description

Time

  • Played on: Jan. 31, 2026, 9:45 a.m.
  • Length: 17:31
Show
View Real Time Build Order
Export as new Build Order

Elazer Zerg 

Build Orders: Hatch First 

Get SALT Encoding   

  12  0:00  Drone  
  13  0:07  Drone  
  13  0:14  Extractor, Drone  
  15  0:35  Hatchery  
  14  0:37  Extractor  
  14  0:39  Drone  
  15  0:45  Overlord  
  15  0:59  Spawning Pool  
  15  1:03  Drone  
  15  1:06  Drone  
  15  1:10  Drone  
  17  1:14  Drone  
  17  1:16  Extractor  
  17  1:25  Drone  
  18  1:36  Drone  
  19  1:45  Queen  
  19  1:46  Queen  
  21  1:48  Drone  
  21  1:51  Drone  
  25  1:57  Drone  
  25  1:58  Drone  
  27  2:07  Overlord  
  28  2:08  Drone  
  28  2:21  Lair  
  28  2:27  Queen  
  28  2:29  Drone  
  31  2:30  Drone  
  31  2:35  Overlord  
  32  2:40  Drone x2  
  34  2:44  Drone  
  35  2:52  Drone  
  35  2:55  Drone  
  35  2:56  Drone x3  
  40  3:02  Roach Warren  
  40  3:04  Pneumatized Carapace  
  39  3:09  Overlord  
  39  3:19  Drone  
  42  3:20  Drone x2, Overseer  
  42  3:28  Drone x6  
  42  3:32  Overlord  
  48  3:34  Extractor  
  48  3:38  Drone x2, Extractor  
  48  3:47  Hatchery  
  47  3:48  Overlord  
  45  4:01  Drone x6  
  48  4:12  Drone x4  
  50  4:18  Drone  
  50  4:25  Drone  
  50  4:27  Drone, Glial Reconstitution  
  50  4:29  Infestation Pit  
  51  4:34  Extractor  
  50  4:40  Drone  
  50  4:44  Drone x3  
  50  4:45  Roach x2  
  58  4:50  Overlord  
  58  4:54  Roach x3  
  58  4:58  Roach  
  66  5:03  Roach x2  
  70  5:09  Overlord  
  70  5:10  Roach  
  70  5:13  Infestor x2  
  76  5:17  Overlord  
  76  5:19  Drone x2  
  78  5:22  Drone x4  
  78  5:27  Drone  
  83  5:30  Evolution Chamber  
  83  5:31  Evolution Chamber  
  83  5:33  Drone x2  
  83  5:41  Drone x7  
  90  5:43  Overlord  
  90  5:45  Metabolic Boost  
  90  5:46  Drone  
  91  5:51  Infestor x2  
  91  5:54  Drone x2  
  91  5:55  Extractor  
  96  5:57  Overlord  
  96  5:58  Extractor  
  95  6:07  Drone x3  
  95  6:09  Zerg Ground Armor Level 1  
  98  6:11  Hatchery  
  95  6:19  Zerg Melee Weapons Level 1  
  95  6:22  Zergling x6  
  95  6:23  Zergling x10  
  103  6:27  Drone  
  103  6:29  Hive, Overlord  
  103  6:31  Zergling x4  
  106  6:39  Overlord x2  
  106  6:40  Overlord  
  106  6:41  Overlord  
  106  6:49  Ravager x3  
  106  6:50  Zergling x10  
  114  7:00  Queen  
  111  7:01  Drone x2  
  111  7:02  Zergling x12  
  111  7:05  Overlord  
  119  7:15  Zergling x10  
  123  7:19  Overlord x2  
  123  7:22  Queen  
  123  7:24  Drone  
  123  7:27  Zergling x10  
  123  7:29  Infestor  
  133  7:31  Infestor  
  133  7:33  Ravager x3  
  133  7:35  Zergling x12  
  144  7:50  Zergling x10  
  148  7:51  Adrenal Glands  
  148  7:53  Ultralisk Cavern, Hatchery  
  148  7:57  Zergling x8  
  150  8:03  Zergling x10  
  154  8:08  Zerg Ground Armor Level 2  
  154  8:13  Zerg Melee Weapons Level 2  
  154  8:18  Zergling x14  
  160  8:29  Overseer x2  
  142  8:42  Ultralisk x2  
  142  8:47  Chitinous Plating  
  153  8:49  Drone x11  
  163  8:58  Ultralisk, Overlord  
  163  9:00  Overlord  
  167  9:04  Overseer x2  
  167  9:06  Overseer  
  167  9:07  Overseer  
  165  9:10  Spore Crawler  
  165  9:14  Zergling x12  
  165  9:16  Overlord  
  170  9:23  Zergling x16  
  178  9:34  Zergling x24  
  187  9:47  Zergling x2  
  187  9:48  Zergling x10  
  187  9:52  Overseer  
  190  9:55  Ultralisk  
  195  10:00  Spore Crawler  
  195  10:02  Spore Crawler  
  195  10:05  Drone x7  
  195  10:06  Anabolic Synthesis  
  200  10:12  Baneling Nest  
  200  10:13  Spire  
  180  10:31  Zergling x34  
  192  10:36  Zerg Melee Weapons Level 3, Zerg Ground Armor Level 3  
  192  10:37  Infestor  
  194  10:43  Infestor  
  194  10:45  Overlord  
  196  10:54  Spore Crawler  
  196  10:55  Spore Crawler  
  196  10:56  Overlord  
  194  10:57  Hatchery, Overseer  
  194  10:58  Overlord x2  
  193  11:04  Drone x2  
  193  11:05  Drone x4  
  193  11:09  Burrow  
  199  11:12  Overlord  
  199  11:13  Overlord x2  
  196  11:22  Hatchery  
  194  11:25  Drone x3  
  194  11:26  Drone x3  
  200  11:38  Spore Crawler, Zergling x2  
  199  11:41  Overseer  
  199  11:42  Overseer x4  
  194  11:56  Hatchery  
  194  11:59  Zergling x36  
  200  12:02  Zerg Flyer Weapons Level 1, Centrifugal Hooks  
  200  12:05  Hatchery  
  192  12:21  Drone x8  
  192  12:22  Extractor x2  
  198  12:27  Infestor  
  199  12:32  Queen  
  198  12:37  Infestor x3  
  160  13:15  Ultralisk x2  
  160  13:17  Zergling x40  
  178  13:20  Zergling x16  
  178  13:22  Baneling x22  
  186  13:29  Zergling x16  
  194  13:35  Drone  
  194  13:38  Hatchery  
  194  13:45  Zergling x2  
  194  13:46  Zergling x10  
  200  13:52  Overlord  
  199  13:59  Hatchery  
  198  14:14  Zergling x6  
  200  14:18  Hatchery  
  179  14:32  Zergling x32  
  179  14:36  Corruptor x3  
  173  14:41  Corruptor x5  
  172  14:49  Corruptor x2  
  173  14:57  Drone x6  
  173  14:59  Infestor x3  
  179  15:08  Zergling x14  
  179  15:17  Zergling x10  
  181  15:25  Zergling x6  
  183  15:31  Ultralisk x2  
  183  15:32  Zergling x2  
  183  15:33  Zergling x8  
  165  15:44  Ultralisk x5  
  165  15:45  Zergling x6  
  185  16:03  Zergling x28  
  155  16:12  Zergling x12  
  155  16:14  Zergling x2  
  155  16:19  Zergling x4  
  149  16:34  Corruptor  
  149  16:35  Corruptor x3  
  149  16:36  Overlord x3  
  149  16:37  Overlord  
  151  16:46  Overlord  
  140  16:48  Overlord  
  140  16:51  Zergling x16  
  144  16:58  Zergling x4  
Show
View Real Time Build Order
Export as new Build Order

LiquidClem Terran - Winner!

Build Orders: Reaper Expand 

Get SALT Encoding   

  12  0:00  SCV  
  13  0:12  SCV  
  14  0:16  Supply Depot  
  14  0:24  SCV  
  15  0:38  SCV  
  15  0:39  Barracks  
  15  0:42  Refinery  
  16  0:50  SCV  
  17  1:02  SCV  
  18  1:14  SCV  
  19  1:27  Orbital Command, Reaper  
  20  1:37  Command Center  
  20  1:45  Supply Depot  
  20  1:53  SCV  
  21  1:59  Marine  
  22  2:05  SCV  
  22  2:08  Factory  
  23  2:17  SCV  
  23  2:19  Barracks Reactor  
  24  2:29  SCV  
  25  2:38  Command Center  
  25  2:44  SCV  
  26  2:49  Orbital Command  
  26  2:55  Barracks  
  26  2:56  SCV  
  27  3:03  Hellion  
  29  3:06  Barracks Tech Lab  
  29  3:07  Hellion  
  29  3:10  SCV  
  32  3:15  Refinery, SCV  
  33  3:22  SCV  
  33  3:25  Marine  
  35  3:27  Stimpack, SCV  
  35  3:34  SCV  
  37  3:39  SCV  
  38  3:42  Starport  
  38  3:45  Marine  
  38  3:48  Marine x2  
  40  3:52  SCV  
  40  3:53  Factory Reactor  
  43  3:55  SCV  
  43  3:57  Orbital Command  
  43  4:02  Marine  
  43  4:04  SCV  
  43  4:06  Marine  
  43  4:07  SCV  
  45  4:11  Marine  
  45  4:13  Supply Depot  
  45  4:14  Barracks  
  45  4:16  Refinery  
  45  4:17  SCV  
  46  4:19  SCV  
  46  4:20  Marine  
  46  4:23  Marine  
  50  4:24  SCV  
  50  4:29  SCV, Marine  
  52  4:32  SCV  
  52  4:34  Medivac  
  52  4:35  Factory Tech Lab  
  52  4:36  Supply Depot, SCV  
  52  4:38  Marine  
  56  4:41  Marine  
  56  4:42  SCV  
  56  4:44  SCV, Refinery  
  56  4:45  Orbital Command  
  62  4:47  Marine  
  62  4:52  Engineering Bay x2  
  63  4:56  Marine, SCV  
  63  4:57  SCV  
  66  5:00  Medivac, Supply Depot  
  66  5:05  Supply Depot  
  66  5:06  Marine  
  66  5:07  Marine  
  67  5:08  Siege Tank, SCV  
  67  5:09  SCV  
  73  5:14  SCV  
  73  5:16  Combat Shield  
  73  5:17  Marine  
  73  5:20  Barracks Reactor  
  73  5:21  SCV  
  76  5:23  Supply Depot  
  76  5:26  Supply Depot, Terran Infantry Weapons Level 1  
  76  5:27  SCV x2  
  78  5:33  SCV  
  81  5:39  SCV  
  81  5:41  SCV  
  82  5:43  Supply Depot  
  82  5:45  SCV, Barracks  
  82  5:46  Supply Depot  
  82  5:47  Supply Depot, Barracks  
  82  5:49  Siege Tank  
  85  5:51  Marine  
  85  5:53  Marine  
  85  5:54  Marine  
  85  5:56  Supply Depot, SCV x2  
  88  5:59  SCV  
  89  6:05  Terran Infantry Armor Level 1, Marine, Factory  
  89  6:07  Marine  
  89  6:08  SCV  
  92  6:11  Supply Depot, SCV  
  92  6:13  SCV  
  92  6:15  Medivac  
  93  6:19  Marine x2  
  93  6:20  SCV  
  93  6:21  Marauder  
  93  6:23  Marine, SCV  
  101  6:25  SCV  
  101  6:26  Marine  
  101  6:28  Refinery, Siege Tank  
  106  6:32  SCV  
  106  6:38  Command Center  
  106  6:41  SCV x2  
  106  6:42  Supply Depot  
  106  6:44  Concussive Shells  
  106  6:45  Barracks Tech Lab, Barracks Reactor  
  108  6:47  Marine  
  108  6:49  Factory Reactor, Armory  
  108  6:50  Marine  
  108  6:52  Marine x2  
  108  6:53  Marauder  
  114  6:55  SCV x2  
  116  7:02  Widow Mine  
  116  7:06  Marine, Marauder  
  122  7:08  SCV, Barracks  
  122  7:09  Barracks  
  122  7:10  Barracks  
  122  7:11  Marine x3, Refinery  
  125  7:17  Medivac  
  125  7:18  Medivac  
  125  7:22  Sensor Tower  
  129  7:23  Marine x2, Marauder  
  129  7:24  Marine, Widow Mine  
  129  7:29  Supply Depot x2  
  136  7:30  Marine x2, Widow Mine x2  
  136  7:33  Marauder  
  144  7:38  Drilling Claws  
  144  7:40  Supply Depot  
  144  7:43  Supply Depot  
  144  7:45  Marauder  
  144  7:47  Supply Depot  
  144  7:48  Terran Infantry Weapons Level 2  
  144  7:49  Marine x2  
  144  7:50  Marine x2  
  144  7:51  Marine  
  145  7:55  SCV x3  
  145  7:58  Widow Mine x2, Marine  
  152  8:03  Barracks Tech Lab x2  
  152  8:04  Barracks Tech Lab  
  154  8:05  Marauder, Marine  
  154  8:06  Widow Mine  
  154  8:08  Terran Vehicle And Ship Armor Level 1  
  154  8:09  SCV  
  154  8:10  SCV  
  154  8:11  SCV  
  160  8:14  Planetary Fortress  
  160  8:16  Marine  
  160  8:19  Widow Mine, Marine  
  163  8:21  Marine  
  163  8:24  Marauder x2, Marine x2  
  163  8:25  Marauder  
  170  8:27  Marauder  
  170  8:28  SCV  
  173  8:36  Widow Mine  
  173  8:37  Marine, SCV  
  173  8:38  Marine, SCV  
  157  8:43  Medivac  
  157  8:44  Marauder  
  157  8:45  Marauder, SCV  
  157  8:46  Marine  
  157  8:47  Widow Mine  
  157  8:48  Marine x2  
  164  8:49  Marauder, SCV  
  164  8:50  Marauder x2  
  164  8:51  Marine  
  164  8:54  Widow Mine, Marine  
  175  8:58  SCV, Marine  
  175  9:00  Supply Depot  
  175  9:02  Medivac  
  179  9:03  Widow Mine  
  179  9:05  Marauder  
  179  9:06  Marine x3  
  186  9:11  Marine, Starport, Refinery  
  186  9:12  Fusion Core  
  186  9:14  Marauder  
  186  9:15  Widow Mine  
  186  9:16  Marauder  
  193  9:19  Marauder  
  193  9:21  Marauder  
  197  9:26  Widow Mine  
  197  9:27  SCV  
  197  9:29  Sensor Tower  
  200  9:41  Marine x2  
  200  9:45  Marauder x2, Widow Mine  
  200  9:49  Liberator  
  200  9:50  Starport Reactor  
  200  9:55  Command Center  
  200  9:56  Ghost Academy  
  200  9:57  Command Center  
  198  10:06  Caduceus Reactor  
  198  10:08  Terran Infantry Armor Level 2, Refinery, Terran Infantry Weapons Level 3  
  198  10:09  Terran Vehicle And Ship Armor Level 2  
  196  10:19  Marauder  
  196  10:22  Marine  
  196  10:28  Marine, Marauder x3  
  190  10:29  Widow Mine x2  
  190  10:32  Liberator x2  
  190  10:41  Ghost  
  192  10:49  Command Center, Widow Mine x2  
  190  10:50  Command Center  
  190  10:51  Liberator  
  190  10:56  Missile Turret  
  193  10:58  Ghost  
  193  11:02  Ghost  
  197  11:13  Orbital Command  
  195  11:19  Ghost  
  195  11:20  Widow Mine  
  195  11:23  Sensor Tower, Missile Turret  
  195  11:29  Widow Mine  
  195  11:30  Widow Mine  
  199  11:43  Ghost  
  199  11:44  Command Center  
  199  11:45  Ghost, Command Center  
  200  11:50  Liberator  
  200  11:51  Liberator x2  
  200  11:52  Liberator  
  200  11:53  Widow Mine  
  192  11:54  Widow Mine  
  192  11:55  Widow Mine  
  192  11:57  Widow Mine  
  196  12:03  Orbital Command  
  196  12:04  Orbital Command  
  191  12:11  Ghost x2  
  191  12:12  Ghost  
  193  12:22  Planetary Fortress  
  191  12:23  Marine x2  
  191  12:27  Widow Mine  
  195  12:34  Sensor Tower  
  195  12:37  Command Center, Refinery  
  195  12:38  Widow Mine x2  
  195  12:39  Refinery  
  195  12:40  Marine  
  198  12:48  Missile Turret  
  198  12:50  Terran Infantry Armor Level 3  
  198  12:58  Marauder  
  200  13:03  Ghost  
  193  13:09  Ghost x2  
  193  13:10  Widow Mine  
  193  13:11  Widow Mine x3  
  189  13:13  Liberator x2  
  189  13:15  Liberator  
  196  13:23  Advanced Ballistics  
  196  13:27  Orbital Command x2  
  196  13:28  Command Center  
  196  13:47  Widow Mine  
  196  13:48  Ghost  
  197  13:58  Liberator  
  196  14:11  Widow Mine x2  
  198  14:20  Widow Mine  
  198  14:26  Liberator, Ghost  
  198  14:30  Ghost x2, Widow Mine  
  198  14:31  Marine x2  
  199  14:35  Widow Mine  
  199  14:36  Ghost  
  183  14:38  Liberator x2  
  183  14:41  Widow Mine  
  183  14:44  Marine x4  
  188  14:48  Widow Mine, Marine x2  
  188  14:49  Liberator  
  188  14:51  Planetary Fortress  
  192  14:55  Marine  
  192  14:59  Marine x2  
  191  15:00  Widow Mine  
  191  15:02  Marine x4  
  197  15:09  Liberator  
  197  15:11  Widow Mine, Marine  
  200  15:17  Missile Turret x2  
  200  15:21  Marine x2, Liberator x2, Widow Mine  
  189  15:24  Ghost x2  
  189  15:26  Marauder x2  
  189  15:27  Widow Mine x2  
  200  15:31  Missile Turret x3  
  196  15:39  Liberator  
  196  15:41  Marine  
  186  15:43  Widow Mine  
  186  15:45  Widow Mine  
  186  15:47  Marine x4, Marauder x2  
  186  15:48  Marauder  
  186  15:49  Widow Mine  
  199  15:57  Marine x2  
  199  15:58  Medivac  
  199  16:01  Marine  
  199  16:02  Widow Mine  
  199  16:04  SCV x3, Medivac  
  196  16:05  Marine x2, SCV  
  196  16:09  Ghost  
  196  16:10  Widow Mine  
  196  16:11  Widow Mine  
  173  16:15  Ghost x2  
  173  16:17  SCV, Widow Mine, Marine  
  175  16:19  Marine x2  
  175  16:21  Liberator  
  175  16:22  Liberator  
  175  16:23  Widow Mine  
  184  16:28  Medivac  
  184  16:29  Refinery  
  184  16:33  Widow Mine, Orbital Command, Ghost  
  184  16:34  Liberator  
  184  16:36  Widow Mine  
  184  16:37  Marine x3  
  184  16:38  Marine x2  
  184  16:39  Marine x2  
  190  16:43  Marine  
  190  16:44  Marine  
  183  16:49  Widow Mine  
  180  16:54  Marine  
  180  16:56  Marauder  
  180  16:57  Marauder  
Tags
 
Add a new tag
Caveats
  • Supply blocks, unpowered buildings, or Contaminate may cause inaccurate times.
  • Supply counts are checked every 10 seconds.